 Dungeon Crawl Stone Soup version 0.30-a0-23-ge60ba3568b (webtiles) character file.

Game seed: 563901406908354025

1845 avis the Caller (level 8, -2/36 HPs)
             Began as a Felid Summoner on Aug 23, 2022.
             Was an Initiate of Gozag.
             Engulfed by their own flame (12 damage)
             ... on level 1 of the Lair of Beasts on Aug 24, 2022.
             The game lasted 01:22:54 (12164 turns).

avis the Caller (Felid Summoner)                   Turns: 12164, Time: 01:22:55

Health: -2/36      AC:  2    Str:  4    XL:     8   Next: 88%
Magic:  18/19      EV: 20    Int: 20    God:    Gozag
Gold:   488        SH:  0    Dex: 17    Spells: 9/21 levels left
                                        Lives:  0   Deaths: 2

rFire   . . .      SeeInvis +    (weapon unavailable)
rCold   . . .      Faith    .    (shield unavailable)
rNeg    + . .      Spirit   .    (body armour unavailable)
rPois   +          Reflect  .    (helmet unavailable)
rElec   .          Harm     .    (cloak unavailable)
rCorr   .          Rampage  .    (gloves unavailable)
Will    +....                    (boots unavailable)
Stlth   ++........               A - amulet of magic regeneration
HPRegen 0.12/turn                f - ring of poison resistance
MPRegen 0.56/turn                y - ring of positive energy

@: gold aura, quick
A: very small, claws 1, fangs 3, see invisible, speed 1, shaggy fur 2, stealthy
paws, no weapons or thrown items, no armour, multi-lived
a: Renounce Religion, Potion Petition, Call Merchant, Bribe Branch


You were on level 1 of the Lair of Beasts.
You worshipped Gozag.
Gozag was aware of your devotion.
You visited 3 branches of the dungeon, and saw 10 of its levels.

You collected 574 gold pieces.
You paid 86 gold pieces to Gozag.

Inventory:

Jewellery
 f - a ring of poison resistance (left paw)
 p - an amulet of regeneration
 y - a ring of positive energy (right paw)
 A - an amulet of magic regeneration (around neck)
 B - an amulet of guardian spirit
Wands
 q - a wand of polymorph (10)
 s - a wand of mindburst (17)
 t - a wand of flame (37)
 z - a wand of charming (6)
Scrolls
 b - 2 scrolls of fog {unknown}
 c - 3 scrolls of blinking
 d - 3 scrolls of teleportation
 i - 2 scrolls of amnesia
 j - a scroll of fear {unknown}
 k - 3 scrolls of noise {unknown}
 l - a scroll of vulnerability {unknown}
 m - 2 scrolls of torment {unknown}
 n - a scroll of poison {unknown}
 w - 3 scrolls of enchant armour {unknown}
Potions
 a - 3 potions of magic
 e - 2 potions of haste
 g - 2 potions of might {unknown}
 h - 4 potions of curing
 o - 2 potions of heal wounds
 r - a potion of flight {unknown}
 u - 2 potions of brilliance
 v - 2 potions of lignification
 x - 3 potions of mutation


   Skills:
 + Level 4.3 Fighting
 + Level 5.9 Dodging
 - Level 3.0 Stealth
 + Level 7.2 Spellcasting
 - Level 5.0 Hexes
 + Level 7.6 Summonings
 * Level 6.8 Air Magic


You had 9 spell levels left.
You knew the following spells:

 Your Spells              Type           Power      Damage    Failure   Level
c - Call Imp              Summ           38%        N/A       1%          2
d - Call Canine Familiar  Summ           38%        N/A       1%          3
g - Summon Guardian Gole  Hex/Summ       32%        N/A       1%          3
l - Summon Lightning Spi  Summ/Air       36%        N/A       4%          4

Your spell library contained the following spells:

 Spells                   Type           Power      Damage    Failure   Level
 Summon Small Mammal      Summ           100%       N/A       1%          1
 Magic Dart               Conj           28%        1d4       10%         1
 Sandblast                Erth           14%        2d6       10%         1
 Mephitic Cloud           Conj/Pois/Air  16%        N/A       11%         3
 Passwall                 Tmut/Erth      5%         N/A       14%         2
 Stone Arrow              Conj/Erth      14%        3d7       28%         3
 Orb of Destruction       Conj           3%         9d5       100%        7
 Spellforged Servitor     Conj/Summ      11%        N/A       100%        7


Dungeon Overview and Level Annotations

Branches:
Dungeon (8/15)             Temple (1/1) D:7            Lair (1/5) D:8

Altars:
Ashenzari
Dithmenos
Elyvilon
Fedhas
Gozag
Hepliaklqana
Kikubaaqudgha
Qazlal
Ru
Sif Muna
Trog
Vehumet
Yredelemnul
Zin
The Shining One

Shops:
D:5 =

Annotations:
D:5 deep water unexplored


Innate Abilities, Weirdness & Mutations

You have sharp claws.
You have razor-sharp teeth.
You have supernaturally acute eyesight. (SInv)
You cover ground quickly. (Speed+)
You are covered in thick fur. (AC +2)
Your paws help you pounce on unaware monsters.
You are incapable of wielding weapons or throwing items.
You cannot wear armour.
You gain extra lives every three experience levels.


Message History

The wolf bites your guardian golem but does no damage.
What are your orders? t - Meow!
Orders for allies: a - Attack new target. r - Retreat! s - Stop attacking. g - Guard the area. f - Follow me.
Anything else - Cancel.
Gang up on whom?
Press: ? - help, Dir - move target, f - wolf
Aim: a wolf (ally target) Attack!
The wolf bites your guardian golem.
Your hound bites the wolf.
The wolf bites your guardian golem.
Your hound closely misses the wolf.
The wolf bites your guardian golem.
Your hound bites the wolf.
The wolf bites your guardian golem.
Your hound bites the wolf but does no damage.
The wolf bites your guardian golem but does no damage.
The wolf completely misses your guardian golem.
Your hound bites the wolf.
Your hound closely misses the wolf.
The wolf bites your guardian golem!
Your guardian golem overheats!
The wolf bites your guardian golem. Flame seeps out of your guardian golem.
Your hound misses the wolf. The wolf bites your guardian golem!
Flame seeps out of your guardian golem.
Your hound closely misses the wolf.
Your guardian golem is engulfed in blazing flames.
Your guardian golem disappears in a puff of smoke!
Your guardian golem explodes!
The fiery explosion engulfs the wolf!!
The wolf dies!
The fiery explosion engulfs your hound!!
The fiery explosion engulfs you!!
Ouch! That really hurt!
* * * LOW HITPOINT WARNING * * *
The fiery explosion engulfs the plant!!!
The plant begins to die.
Your hound is engulfed in blazing flames.
You hear a howl! x2
You swap places.
You are engulfed in blazing flames.
You die...
Your body crumbles into a pile of gold.

##
#.h....?.....####
#..............S#
#......!........
..h###......#..
##.....#
##....###
#.....###
#P...§#P#
###.#§@h# #######


You could see a friendly hound (summoned, sheltered).

Vanquished Creatures
  A gnoll (D:5)
  2 endoplasms
  A giant cockroach (D:1)
  4 goblins
  3 hobgoblins
  2 jackals
  4 kobolds
  3 bats
  2 frilled lizards
  8 rats
  A bush (D:4)
31 creatures vanquished.

Vanquished Creatures (collateral kills)
  3 yaks (D:7)
  Duvessa (D:7)
  An orc warrior (D:8)
  An ice beast (D:5)
  2 ogres
  2 centaurs
  2 phantoms
  Blork the orc (D:6)
  A necrophage (D:4)
  2 bullfrogs
  Dowan (D:7)
  2 hounds (D:4)
  An orc priest (D:8)
  2 jellies (D:7)
  An iguana (D:4)
  5 orc wizards
  A scorpion zombie (D:4)
  Ijyb (D:3)
  A howler monkey zombie (D:4)
  Robin (D:3)
  8 adders
  6 gnolls
  A white imp (D:6)
  An adder zombie (D:4)
  2 worms
  3 dart slugs
  14 orcs
  A bat (D:1)
  5 endoplasms
  2 giant cockroaches (D:2)
  9 goblins
  9 hobgoblins
  A jackal (D:1)
  2 kobolds
  A quokka (D:1)
  4 ball pythons
  A frilled lizard (D:3)
  A rat (D:1)
103 creatures vanquished.

Vanquished Creatures (others)
  A cyclops (D:8)
  Joseph (D:7)
  A troll (D:6)
  Prince Ribbit (D:7)
  A black bear (D:6)
  2 wolves
  An ogre (D:5)
  2 necrophages (D:4)
  A bullfrog (D:8)
  A gnoll sergeant (D:5)
  A centaur zombie (D:4)
  A gnoll bouda (D:5)
  4 iguanas (D:5)
  4 gnolls (D:5)
  An adder zombie (D:4)
  A bush (D:4)
  35 plants
59 creatures vanquished.

Grand Total: 193 creatures vanquished

Notes
Turn   | Place    | Note
-------+----------+-------------------------------------------
     0 | D:1      | avis the Felid Summoner began the quest for the Orb.
     0 | D:1      | Reached XP level 1. HP: 7/7 MP: 4/4
   495 | D:1      | Reached XP level 2. HP: 11/11 MP: 3/6
   499 | D:1      | Learned a level 2 spell: Call Imp
  1814 | D:2      | Reached skill level 1 in Fighting
  1814 | D:2      | Reached XP level 3. HP: 14/15 MP: 2/8
  1818 | D:2      | Learned a level 3 spell: Call Canine Familiar
  2913 | D:2      | Reached XP level 4. HP: 15/19 MP: 3/9
  3417 | D:2      | Identified the +5 rapier of Hiothre {freeze, rPois Str+3
                  | Int+4}
  4225 | D:3      | Found a faded altar of an unknown god.
  4335 | D:3      | Learned a level 3 spell: Summon Guardian Golem
  4445 | D:3      | Noticed Robin
  4475 | D:3      | Killed Robin
  4845 | D:3      | Noticed Ijyb
  4859 | D:3      | Killed Ijyb
  4860 | D:3      | Reached skill level 1 in Hexes
  4860 | D:3      | Reached XP level 5. HP: 22/22 MP: 8/11
  6170 | D:4      | Found a blossoming altar of Fedhas.
  6381 | D:4      | Reached skill level 5 in Summonings
  6381 | D:4      | Gained mutation: You are covered in thick fur. (AC +2)
                  | [Felid growth]
  6381 | D:4      | Reached XP level 6. HP: 22/25 MP: 10/13
  6433 | D:4      | Reached skill level 5 in Spellcasting
  6597 | D:4      | Learned a level 4 spell: Summon Lightning Spire
  6597 | D:4      | Upgraded the game from 0.30-a0-6-g7c9e10e132 to
                  | 0.30-a0-12-gd8047c6341
  6647 | D:5      | Entered Level 5 of the Dungeon
  6647 | D:5      | Found a glowing silver altar of Zin.
  6647 | D:5      | Found Uwkuen's Jewellery Boutique.
  6686 | D:5      | Reached XP level 7. HP: 17/28 MP: 5/15
  6856 | D:5      | Reached skill level 1 in Air Magic
  7077 | D:5      | Hit by a stone thrown by a gnoll sergeant
  7078 | D:5      | Reached XP level 6. HP: -2/26 MP: 9/15
  7163 | D:5      | Reached XP level 7. HP: 30/30 MP: 8/16
  7372 | D:5      | Reached skill level 5 in Hexes
  7555 | D:5      | Upgraded the game from 0.30-a0-12-gd8047c6341 to
                  | 0.30-a0-23-ge60ba3568b
  8139 | D:6      | Noticed Blork the orc
  8168 | D:6      | Noticed a troll
  8205 | D:6      | Found a faded altar of an unknown god.
  8206 | D:6      | Found a hazy altar of Hepliaklqana.
  8216 | D:6      | Killed Blork the orc
  8317 | D:6      | Killed a troll
  8318 | D:6      | Reached XP level 8. HP: 33/33 MP: 4/18
  9735 | D:7      | Noticed Joseph
  9737 | D:7      | Found a staircase to the Ecumenical Temple.
  9747 | D:7      | Killed Joseph
  9748 | D:7      | Reached skill level 5 in Air Magic
  9780 | Temple   | Entered the Ecumenical Temple
 10006 | Temple   | Became a worshipper of Gozag Ym Sagoz the Greedy
 10108 | D:7      | Noticed Prince Ribbit
 10118 | D:7      | Killed Prince Ribbit
 10119 | D:7      | Reached XP level 9. HP: 37/37 MP: 15/20
 10696 | D:7      | Reached skill level 5 in Dodging
 10833 | D:7      | Noticed Dowan
 10837 | D:7      | Killed Dowan
 10837 | D:7      | Noticed Duvessa
 10842 | D:7      | Killed Duvessa
 11037 | D:8      | Noticed a cyclops
 11110 | D:8      | Found a staircase to the Lair.
 11563 | D:8      | Killed a cyclops
 11746 | D:8      | Found a shadowy altar of Dithmenos.
 12002 | Lair:1   | Entered Level 1 of the Lair of Beasts
 12005 | Lair:1   | Noticed a seven-headed hydra
 12005 | Lair:1   | Noticed a cane toad
 12148 | Lair:1   | Slain by a seven-headed hydra
 12149 | Lair:1   | Reached XP level 8. HP: 0/36 MP: 19/19
 12164 | Lair:1   | Engulfed by their own flame

Illustrated notes

Levels and vault maps discovered:
D:1:      ncdulo_smallfort, layout_basic, st_stairs_13
D:2:      layout_loops_ring
D:3:      layout_basic, chequers_ecumenical_altar_lobes, serial_corexii_hall,
          corexii_hall_statues_i, corexii_hall_statues_x, uniq_robin, uniq_ijyb
D:4:      layout_rooms, fedhas_altar_decomposition
D:5:      layout_gridville, zin_academy, serial_shops, nicolae_square_shop,
          chequers_big_river, nicolae_grassy_gnolls
D:6:      layout_layer_cave, beargit_hepliaklqana_dungeon_heroes
D:7:      layout_basic, minmay_temple_entry_stoned_glass, uniq_duvessa,
          uniq_joseph, uniq_prince_ribbit1
D:8:      layout_rooms, old_standard_altar, lair_entry_dummy,
          kennysheep_windowed_goal
Temple:   minmay_temple_curvy_loop
Lair:1:   layout_cave_shapes, nicolae_quartered_pool_little

Skill      XL: |  1  2  3  4  5  6  7  8  9 |
---------------+----------------------------+-----
Fighting       | 1 2 3 4 |  4.3
Spellcasting   | 3 4 5 6 7 |  7.2
Stealth        | 3 |  3.0
Dodging        | 3 4 5 |  5.9
Hexes          | 1 2 3 5 |  5.0
Summonings     | 5 6 7 |  7.6
Air Magic      | 2 4 5 6 |  6.8

Action                   |  1- 3 |  4- 6 |  7- 9 || total
-------------------------+-------+-------+-------++-------
Melee: Unarmed           |    71 |    59 |    25 ||   155
       Bite              |     8 |    13 |     6 ||    27
 Cast: Summon Small Mamm |    43 |     3 |       ||    46
       Call Imp          |     8 |    13 |    19 ||    40
       Call Canine Famil |    11 |    20 |    29 ||    60
       Summon Guardian G |       |    12 |    32 ||    44
       Summon Lightning  |       |     1 |    19 ||    20
Evoke: Wand              |       |       |     2 ||     2
  Use: Scroll            |       |     8 |     4 ||    12
 Stab: Sleeping          |     8 |     6 |     1 ||    15
       Distracted        |     1 |     1 |       ||     2
Armor: Skin              |     3 |     3 |     5 ||    11
Dodge: Dodged            |    80 |    40 |    80 ||   200

Table legend: (Time is in decaauts)
 A = Elapsed time spent in this place.
 B = Non-inter-level travel time spent in this place.
 C = Inter-level travel time spent in this place.
 D = Time resting spent in this place.
 E = Time spent auto-exploring this place.
 F = Levels seen in this place.
 G = Mean time per level.
                   A        B        C        D        E       F      G
               +--------+--------+--------+--------+--------+-----+--------+
         Total |  10714 |   9829 |    885 |   2603 |   4775 |  10 | 1071.4 |
       Dungeon |  10476 |   9646 |    830 |   2603 |   4636 |   8 | 1309.5 |
        Temple |    210 |    155 |     55 |      0 |    138 |   1 |  210.0 |
          Lair |     27 |     27 |      0 |      0 |      0 |   1 |   27.0 |
               +--------+--------+--------+--------+--------+-----+--------+

Top non-repeatable levels by time:
     D:2: 1756 daAuts
     D:1: 1648 daAuts
     D:3: 1411 daAuts
     D:6: 1347 daAuts
     D:7: 1279 daAuts
     D:4: 1217 daAuts
     D:5: 1010 daAuts
     D:8: 805 daAuts
  Temple: 210 daAuts
  Lair:1: 27 daAuts
